 Dungeon Crawl Stone Soup version 0.30-a0-457-g4b7bca3bfa (webtiles) character file.

Game seed: 11538907030280212249

6213 kae the Grappler (level 10, -8/96 HPs)
             Began as a White Draconian Transmuter on Dec 12, 2022.
             Mangled by an Executioner (15 damage)
             ... on level 2 of the Abyss.
             The game lasted 00:11:43 (8055 turns).

kae the Grappler (White Draconian Transmuter)       Turns: 8055, Time: 00:11:44

Health: -8/96      AC:  8    Str: 14    XL:     10   Next: 61%
Magic:  16/19      EV: 11    Int: 17    God:
Gold:   962        SH:  0    Dex: 11    Spells: 5/21 levels left

rFire   x . .      SeeInvis +      - Unarmed
rCold   + + +      Faith    .    (shield currently unavailable)
rNeg    . . .      Spirit   .    (body armour unavailable)
rPois   +          Reflect  .    (helmet currently unavailable)
rElec   .          Harm     .    (cloak currently unavailable)
rCorr   .          Rampage  .    (gloves currently unavailable)
Will    .....                    (boots currently unavailable)
Stlth   +.........               g - amulet of regeneration
HPRegen 1.16/turn                v - ring of see invisible
MPRegen 0.16/turn                (no ring)

@: about to teleport, ice-form, afraid
A: freezing attack, amphibious, boosted hp, (breathe frost), AC +7, large,
unfitting armour, (cold resistance 1), (cold-blooded)
a: End Transformation


You were on level 2 of the Abyss.
You were a creature of crystalline ice.
You visited 2 branches of the dungeon, and saw 9 of its levels.
You visited the Abyss 1 time.
You also visited: Sewer and Bailey.

You collected 1342 gold pieces.
You spent 380 gold pieces at shops.


Innate Abilities, Weirdness & Mutations

You are a creature of crystalline ice.
You have a powerful freezing melee attack.
You are amphibious.
Your maximum health is increased.
Your armour is entirely melded.
You are incapable of wielding weapons or throwing items.
((You can breathe waves of freezing cold which knock back foes.))
((Your icy white scales are hard. (AC +7)))
You cannot fit into any form of body armour.
((Your flesh is cold resistant. (rC+)))
((You are cold-blooded and may be slowed by cold attacks.))


   Skills:
 - Level 4.8 Fighting
 - Level 4.3 Dodging
 - Level 8.6 Unarmed Combat
 - Level 6.4 Spellcasting
 + Level 7.6 Transmutations
 - Level 6.3 Ice Magic
 * Level 4.3 Earth Magic
 - Level 2.9 Poison Magic


You had 5 spell levels left.
You knew the following spells:

 Your Spells              Type           Power      Damage    Failure   Level
a - Beastly Appendage     Tmut           62%        N/A       1%          1
b - Wereblood             Tmut           31%        N/A       1%          2
c - Spider Form           Tmut/Pois      23%        N/A       4%          3
d - Ice Form              Ice/Tmut       29%        N/A       7%          4
e - Statue Form           Tmut/Erth      16%        N/A       86%         6

Your spell library contained the following spells:

 Spells                   Type           Power      Damage    Failure   Level
 Petrify                  Tmut/Erth      25%        N/A       11%         4
 Stone Arrow              Conj/Erth      24%        3d8       16%         3
 Metabolic Englaciation   Hex/Ice        8%         N/A       67%         5
 Borgnjor's Revivificati  Necr           2%         N/A       100%        8
 Lehudib's Crystal Spear  Conj/Erth      6%         10d3      100%        8
 Necromutation            Tmut/Necr      9%         N/A       100%        8
 Death's Door             Necr           2%         N/A       100%        9
 Animate Armour           Summ/Erth      Unusable   N/A       N/A         4

Inventory:

Missiles
 b - 57 stones
 e - a curare-tipped dart {=f}
 l - 31 poisoned darts
 y - 7 boomerangs
Jewellery
 c - a ring of ice
   (You found it on level 7 of the Dungeon)
 g - an amulet of regeneration (around neck)
   (You found it on level 2 of the Dungeon)
 q - an amulet of magic regeneration
   (You found it on level 7 of the Dungeon)
 v - a ring of see invisible (left front paw)
   (You found it on level 7 of the Dungeon)
 C - a ring of ice
   (You found it on level 1 of the Dungeon)
Wands
 m - a wand of digging (3)
   (You found it on level 2 of the Dungeon)
 n - a wand of flame (16)
   (You found it on level 6 of the Dungeon)
Scrolls
 f - 3 scrolls of poison {!r}
 h - 3 scrolls of teleportation {@r4}
 i - 2 scrolls of enchant weapon
 t - a scroll of magic mapping {!r}
 x - a scroll of brand weapon
Potions
 a - 3 potions of lignification {!q}
 d - 2 potions of brilliance
 j - a potion of curing {@q1}
 k - 2 potions of flight
 o - 2 potions of ambrosia
 p - 2 potions of haste {@q3}
 s - a potion of attraction {unknown}
 w - a potion of magic

Dungeon Overview and Level Annotations

Branches:
Dungeon (8/15) Zot: 26993  Temple (1/1) D:6 Zot: 5860   Sewer (visited)
 Bailey (visited)
   Lair: D:8-11

Altars:
Ashenzari
Cheibriados
Elyvilon
Fedhas
Hepliaklqana
Kikubaaqudgha
Makhleb
Nemelex Xobeh
Okawaru
Qazlal
Sif Muna
Trog
Uskayaw
Vehumet
Wu Jian
Xom
Yredelemnul
Zin
The Shining One

Shops:
D:1 [   D:3 *   D:5 :

Annotations:
D:7 1 runed translucent door

. . . .. . .
.......... . .
........ ...#
........... . . .
#....W#.. .. .. .
#....#_#+##. # .#.#
##.....#..#..####
#....#..1Z..........
#......Y.........#
..
...#...........#.#
#..#......... .
#.####.#####
#.##.#.# . # #....#
. #### #


You could see an eidolon (scary), an Executioner (fast) and a quicksilver dragon
skeleton.


Message History

You regained 2 hp, and now have 43/96 hp.
You start resting.
Your primal bloodlust has ended. 😨 HP[+3] MP[+1]
You regained 3 hp, and now have 46/96 hp.
You start resting. 😮 HP[+7] MP[+1]
You regained 7 hp, and now have 53/96 hp. 😮 HP[+2]
You regained 2 hp, and now have 55/96 hp. 😮 HP[+2]
You regained 2 hp, and now have 57/96 hp. 😮 HP[+1]
You start resting.
Your transformation is almost over.
You feel yourself speed up. 😮 HP[+2] MP[+1]
You regained 2 hp, and now have 60/96 hp.
You recover from your berserk rage.
You warm up again.
Key pressed, stopping explore.
Unknown command. 😕 HP[+17] MP[+2]
You now have 80 max hp (-16).
You regained 17 hp, and now have 77/80 hp.
Your mp is fully restored (19).
A quicksilver dragon skeleton comes into view. 😎 HP[+3]
Your hp is fully restored (80).
A quicksilver dragon skeleton is nearby!
Unknown command.
A quicksilver dragon skeleton is nearby!
Casting: Wereblood (safe; 1% risk of failure)
Confirm with . or Enter, or press ? or * to list all spells.
You turn into a creature of crystalline ice. 😎 HP[+16] MP[-4]
You now have 96 max hp (+16).
Your hp is fully restored (96).
You lost 4 mp, and now have 15/19 mp.
You punch the quicksilver dragon skeleton!
The quicksilver dragon skeleton bites you but does no damage.
The quicksilver dragon skeleton claws you. 😕 HP[-1]
You take 1 damage, and now have 95/96 hp.
You hit the quicksilver dragon skeleton but do no damage.
An eidolon comes into view.
The quicksilver dragon skeleton bites you!
The quicksilver dragon skeleton barely misses you.
An Executioner comes into view.
The Executioner gives a hideous shriek!
You pummel the quicksilver dragon skeleton!!
The Executioner gestures.
The Executioner seems to speed up.
The quicksilver dragon skeleton bites you.
The quicksilver dragon skeleton claws you. 😕 HP[-14] MP[+1]
You take 14 damage, and now have 81/96 hp.
You hit the quicksilver dragon skeleton but do no damage.
The quicksilver dragon skeleton bites you!
The quicksilver dragon skeleton claws you!
The eidolon gestures.
The eidolon radiates an aura of fear!
You are terrified of the eidolon!
Unknown command. 😮 HP[-24]
You take 24 damage, and now have 57/96 hp.
MASSIVE DAMAGE!! (PAUSE) Unknown command.
As you read the scroll of teleportation {@r4}, it crumbles to dust.
You feel strangely unstable.
You feel the power of the Abyss delaying your translocation!
The quicksilver dragon skeleton bites you but does no damage.
The quicksilver dragon skeleton claws you. 😮 HP[-2]
You take 2 damage, and now have 55/96 hp.
You hit the quicksilver dragon skeleton.
The Executioner hits you but does no damage. x3
The Executioner hits you!!
* * * LOW HITPOINT WARNING * * *
The Executioner hits you.
* * * LOW HITPOINT WARNING * * *
The Executioner hits you.
* * * LOW HITPOINT WARNING * * *
The quicksilver dragon skeleton bites you but does no damage.
The quicksilver dragon skeleton claws you but does no damage.
The Executioner hits you!
* * * LOW HITPOINT WARNING * * *
The Executioner hits you.
* * * LOW HITPOINT WARNING * * *
The Executioner hits you but does no damage. 😱 HP[-35]
You take 35 damage, and now have 20/96 hp.
MASSIVE DAMAGE!! (PAUSE) Unknown command.
The quicksilver dragon skeleton attacks as you move away!
The quicksilver dragon skeleton bites you!
* * * LOW HITPOINT WARNING * * *
The quicksilver dragon skeleton barely misses you.
The Executioner attacks as you move away!
The Executioner hits you!
You die...

Skill      XL: |  1  2  3  4  5  6  7  8  9 10 |
---------------+-------------------------------+-----
Poison Magic   | 1 2 |  2.9
Spellcasting   | 3 4 5 6 |  6.4
Transmutations | 3 4 5 6 7 |  7.6
Unarmed Combat | 4 5 6 8 |  8.6
Ice Magic      | 3 4 5 6 |  6.3
Dodging        | 2 4 |  4.3
Fighting       | 2 4 |  4.8
Earth Magic    | 4 |  4.3

Action                   |  1- 3 |  4- 6 |  7- 9 | 10-12 || total
-------------------------+-------+-------+-------+-------++-------
Melee: Unarmed           |   113 |   206 |   253 |   134 ||   706
       Tailslap          |    15 |    10 |     2 |       ||    27
       Kick              |    18 |    17 |     2 |       ||    37
       Headbutt          |    11 |    10 |     1 |       ||    22
       Punch             |     1 |     4 |       |       ||     5
 Cast: Beastly Appendage |    24 |    17 |     3 |       ||    44
       Spider Form       |     1 |     6 |     5 |       ||    12
       Ice Form          |       |       |    22 |    23 ||    45
       Wereblood         |       |       |     3 |     1 ||     4
 Abil: Breathe Frost     |       |       |     2 |       ||     2
  Use: Scroll            |     3 |     1 |     2 |     7 ||    13
       Potion            |       |     5 |     2 |     1 ||     8
Armor: Skin              |    42 |    46 |    49 |    62 ||   199
Dodge: Dodged            |    76 |   152 |   138 |    76 ||   442

Levels and vault maps discovered:
D:1:      spicycebolla_arrival_clurvy, layout_loops_cross, serial_shops, shop,
          ebering_ecumenical_altar_box, minmay_misc_feat_ornament
D:2:      layout_loops_ring, hangedman_abyss_or_decor_lesser_grid,
          roderic_serpentine_path
D:3:      layout_basic, mainiacjoe_overflow_tiny_flanked,
          nicolae_tso_besieged_by_evil, mainiacjoe_overflow_six_doors_small,
          serial_shops, shop
D:4:      layout_loops_ring, gup_sewer_entry_bowl
D:5:      layout_basic, old_standard_altar, nicolae_shop_self_help,
          uniq_eustachio, uniq_grinder
D:6:      layout_basic, minmay_temple_entry_wispy
D:7:      layout_basic, enter_bailey_3, grunt_ministairs_2,
          lightli_church_of_beogh
D:8:      layout_gridville, david_lair_generic, minmay_lindwurm_lava,
          uniq_psyche
Temple:   nicolae_temple_superstar
Abyss:2:  base:
D:1

Notes
Turn   | Place    | Note
-------+----------+-------------------------------------------
     0 | D:1      | kae the Draconian Transmuter began the quest for the Orb.
     0 | D:1      | Reached XP level 1. HP: 16/16 MP: 3/3
     0 | D:1      | magus.rc [v1.11.3]
    13 | D:1      | Found Falott's Armour Boutique.
   121 | D:1      | Reached XP level 2. HP: 23/23 MP: 5/5
   153 | D:1      | Found a faded altar of an unknown god.
   659 | D:1      | Learned a level 2 spell: Wereblood
   816 | D:2      | Reached XP level 3. HP: 28/28 MP: 4/6
   831 | D:2      | Learned a level 3 spell: Spider Form
  1449 | D:3      | Found a glowing silver altar of Zin.
  1497 | D:3      | Found Haen's General Store.
  1512 | D:3      | Reached XP level 4. HP: 35/35 MP: 4/8
  1514 | D:3      | Reached skill level 1 in Poison Magic
  1548 | D:3      | Bought a scroll of identify for 20 gold pieces
  1592 | D:3      | Reached skill level 3 in Spellcasting
  1592 | D:3      | Reached skill level 3 in Transmutations
  1680 | D:3      | Found a glowing golden altar of the Shining One.
  1687 | D:3      | HP: 6/35 [white imp/puff of frost (6)]
  1791 | D:3      | Reached XP level 5. HP: 38/40 MP: 7/9
  1868 | D:3      | You pick up a book of Armaments and begin reading...
  1868 | D:3      | You add the spells Stone Arrow and Lehudib's Crystal Spear
                  | to your library.
  1921 | D:3      | Found a radiant altar of Vehumet.
  1964 | D:3      | Reached skill level 4 in Unarmed Combat
  2671 | D:4      | Reached skill level 2 in Poison Magic
  2722 | D:4      | Found a glowing drain.
  2728 | Sewer    | Entered a sewer
  2828 | Sewer    | Reached XP level 6. HP: 41/47 MP: 8/11
  2879 | Sewer    | Found a white marble altar of Elyvilon.
  2976 | D:4      | Reached skill level 4 in Transmutations
  2981 | D:4      | Learned a level 4 spell: Ice Form
  3004 | D:4      | Reached skill level 4 in Spellcasting
  3004 | D:4      | Your scales start taking on an icy white colour.
  3004 | D:4      | Reached XP level 7. HP: 48/52 MP: 11/13
  3004 | D:4      | Gained mutation: Your flesh is cold resistant. (rC+) [White
                  | Draconian growth]
  3034 | D:4      | You fall into a shaft and drop 3 floors!
  3088 | D:7      | Reached skill level 1 in Ice Magic
  3281 | D:7      | Reached skill level 5 in Unarmed Combat
  3285 | D:7      | Reached skill level 2 in Ice Magic
  3486 | D:7      | Reached skill level 3 in Ice Magic
  3567 | D:7      | Reached XP level 8. HP: 59/59 MP: 11/15
  3570 | D:7      | Reached skill level 5 in Transmutations
  3587 | D:7      | Found a flagged portal.
  3593 | Bailey   | Entered a bailey
  3633 | Bailey   | HP: 9/70 [gnoll/+0 war axe (9)]
  3634 | Bailey   | HP: 3/70 [gnoll/+0 war axe (7)]
  3746 | Bailey   | Reached skill level 5 in Spellcasting
  3757 | Bailey   | Reached skill level 2 in Dodging
  3757 | Bailey   | Reached skill level 6 in Unarmed Combat
  3802 | Bailey   | Reached skill level 2 in Fighting
  3802 | Bailey   | Reached skill level 4 in Ice Magic
  3833 | Bailey   | HP: 15/73 [orc warrior/+0 war axe (13)]
  3835 | Bailey   | HP: 3/73 [orc warrior/+0 war axe (14)]
  3994 | Bailey   | Reached XP level 9. HP: 68/68 MP: 14/17
  4159 | Bailey   | Noticed an orc knight
  4187 | Bailey   | Killed an orc knight
  4188 | Bailey   | Reached skill level 3 in Fighting
  4188 | Bailey   | Reached skill level 3 in Dodging
  4188 | Bailey   | Reached skill level 7 in Unarmed Combat
  4188 | Bailey   | Reached skill level 6 in Transmutations
  4188 | Bailey   | Reached skill level 5 in Ice Magic
  4264 | Bailey   | Found an iron altar of Okawaru.
  4264 | Bailey   | Noticed an orc high priest
  4264 | Bailey   | Noticed a kobold demonologist
  4275 | Bailey   | Killed an orc high priest
  4280 | Bailey   | Killed a kobold demonologist
  4281 | Bailey   | Reached skill level 4 in Fighting
  4281 | Bailey   | Reached skill level 6 in Spellcasting
  4551 | Bailey   | Reached skill level 8 in Unarmed Combat
  4738 | D:7      | Found a runed translucent door.
  4870 | D:5      | Entered Level 5 of the Dungeon
  4974 | D:5      | Reached skill level 4 in Dodging
  4996 | D:5      | Found a snail-covered altar of Cheibriados.
  5039 | D:5      | Reached XP level 10. HP: 51/80 MP: 11/19
  5239 | D:5      | Reached skill level 6 in Ice Magic
  5287 | D:5      | Noticed Eustachio
  5304 | D:5      | Killed Eustachio
  5344 | D:5      | Noticed Grinder
  5360 | D:5      | Paralysed by Grinder for 5 turns
  5366 | D:5      | Killed Grinder
  5420 | D:5      | Found Bomimatej's Self-Improvement Boutique.
  6488 | D:6      | Acquired 1008 gold pieces
  6517 | D:3      | Bought a book of Sloth for 360 gold pieces
  6517 | D:3      | You pick up a book of Sloth and begin reading...
  6517 | D:3      | You add the spells Petrify, Metabolic Englaciation and
                  | Statue Form to your library.
  6524 | D:3      | Learned a level 6 spell: Statue Form
  6674 | D:6      | HP: 21/93 [poisoned by a gnoll bouda]
  6678 | D:6      | HP: 10/96 [poisoned by a gnoll bouda]
  6683 | D:6      | HP: 9/96 [poisoned by a gnoll bouda]
  6856 | D:6      | Found a staircase to the Ecumenical Temple.
  6866 | D:6      | Reached skill level 1 in Earth Magic
  6920 | Temple   | Entered the Ecumenical Temple
  7129 | D:6      | Reached skill level 7 in Transmutations
  7297 | D:6      | You add the spells Borgnjor's Revivification, Necromutation
                  | and Death's Door to your library.
  7970 | D:8      | You are cast into the Abyss!
  7970 | Abyss:2  | Found a corrupted altar of Lugonu.
  7970 | Abyss:2  | Cast into level 2 of the Abyss (orc priest)
  7976 | Abyss:2  | Noticed a shadow dragon
  7992 | Abyss:2  | Killed a shadow dragon
  7993 | Abyss:2  | Reached skill level 4 in Earth Magic
  8050 | Abyss:2  | Noticed an eidolon
  8050 | Abyss:2  | Noticed an Executioner
  8054 | Abyss:2  | HP: 21/96 [Executioner (8)]
  8055 | Abyss:2  | HP: 7/96 [quicksilver dragon skeleton (13)]
  8055 | Abyss:2  | Mangled by an Executioner

Vanquished Creatures
  A shadow dragon (Abyss:2)
  An orc high priest (Bailey)
  An orc knight (Bailey)
  A kobold demonologist (Bailey)
  Grinder (D:5)
  Eustachio (D:5)
  2 water moccasins
  12 orc warriors
  A black bear (D:7)
  An ogre (D:5)
  4 centaurs
  2 kobold brigands (Sewer)
  A phantom (D:6)
  A bullfrog (D:7)
  2 necrophages
  5 scorpions
  5 electric eels (Bailey)
  A howler monkey (D:4)
  3 jellies
  An orc priest (D:4)
  5 hounds
  2 gnoll boudas
  3 iguanas
  3 orc wizards
  21 gnolls
  3 adders
  3 river rats (Sewer)
  A shadow imp (D:6)
  2 white imps
  3 ufetubi
  3 worms
  2 dart slugs
  27 orcs
  5 endoplasms
  3 giant cockroaches
  16 goblins
  14 hobgoblins
  6 jackals
  5 quokkas
  10 ball pythons
  8 bats
  3 frilled lizards
  2 goblin skeletons (D:3)
  3 goblin zombies (D:3)
  3 hobgoblin zombies (D:3)
  13 kobolds
  2 kobold skeletons (D:3)
  2 orc zombies (D:3)
  8 rats
  A butterfly (D:1)
229 creatures vanquished.

Table legend:
 A = Non-vault XP
 B = Vault XP
 C = Vault XP percentage of total XP
 D = Non-vault monster count
 E = Vault monster count
 F = Vault count percentage of total count
                 A         B        C        D         E       F
            +---------+---------+-------+---------+---------+-------
      Total |    4424 |    4453 |  50.2 |     149 |      79 |  34.6
            +---------+---------+-------+---------+---------+-------
        D:1 |      32 |       0 |   0.0 |      22 |       0 |   0.0
        D:2 |      35 |       0 |   0.0 |      17 |       0 |   0.0
        D:3 |     190 |      23 |  10.8 |      27 |      13 |  32.5
        D:4 |     526 |       7 |   1.3 |      26 |       4 |  13.3
        D:5 |     906 |     468 |  34.1 |      22 |       2 |   8.3
        D:6 |     552 |       0 |   0.0 |      18 |       0 |   0.0
        D:7 |     758 |     163 |  17.7 |      16 |       6 |  27.3
    Abyss:2 |    1425 |       0 |   0.0 |       1 |       0 |   0.0
      Sewer |       0 |     256 | 100.0 |       0 |      10 | 100.0
     Bailey |       0 |    3536 | 100.0 |       0 |      44 | 100.0
            +---------+---------+-------+---------+---------+-------

Illustrated notes

Table legend:
 A = Kills in this place as a percentage of kills in entire the game.
 B = Kills by you in this place as a percentage of kills by you in the entire game.
 C = Kills by friends in this place as a percentage of kills by friends in the entire game.
 D = Other kills in this place as a percentage of other kills in the entire game.
 E = Experience gained in this place as a percentage of experience gained in the entire game.
 F = Experience gained in this place divided by the number of levels of this place that you have seen.
                   A       B       C       D       E      F
               +-------+-------+-------+-------+-------+----------------------
         Total | 100.0 | 100.0 |   N/A |   N/A | 100.0 | 739.8
       Dungeon |  75.9 |  75.9 |   N/A |   N/A |  41.2 | 457.5
         Abyss |   0.4 |   0.4 |   N/A |   N/A |  16.1 | 1425.0
         Sewer |   4.4 |   4.4 |   N/A |   N/A |   2.9 | 256.0
        Bailey |  19.3 |  19.3 |   N/A |   N/A |  39.8 | 3536.0
               +-------+-------+-------+-------+-------+----------------------

Table legend: (Time is in decaauts)
 A = Elapsed time spent in this place.
 B = Non-inter-level travel time spent in this place.
 C = Inter-level travel time spent in this place.
 D = Time resting spent in this place.
 E = Time spent auto-exploring this place.
 F = Levels seen in this place.
 G = Mean time per level.
                   A        B        C        D        E       F      G
               +--------+--------+--------+--------+--------+-----+--------+
         Total |   8005 |   7596 |    409 |    306 |   5602 |  12 |  667.1 |
       Dungeon |   6536 |   6154 |    382 |    124 |   4843 |   8 |  817.0 |
        Temple |    139 |    113 |     26 |      0 |    100 |   1 |  139.0 |
         Abyss |     85 |     85 |      0 |     16 |     32 |   1 |   85.0 |
         Sewer |    213 |    213 |      0 |      0 |    149 |   1 |  213.0 |
        Bailey |   1029 |   1029 |      0 |    165 |    477 |   1 | 1029.0 |
               +--------+--------+--------+--------+--------+-----+--------+

Top non-repeatable levels by time:
     D:5: 1082 daAuts
  Bailey: 1029 daAuts
     D:3: 1027 daAuts
     D:4: 1025 daAuts
     D:7: 1015 daAuts
     D:6: 964 daAuts
     D:2: 746 daAuts
     D:1: 669 daAuts
   Sewer: 213 daAuts
  Temple: 139 daAuts
 Abyss:2: 85 daAuts
     D:8: 5 daAuts
